 Dungeon Crawl Stone Soup version 0.29.1-1-gd02db6906a (webtiles) character file.

Game seed: 6234510157813595981

33765 Earthwalker the Impaler (level 13, -22/118 HPs)
             Began as a Minotaur Fighter on Oct 11, 2022.
             Was the Champion of Okawaru.
             Killed from afar by a deep elf zephyrmancer (30 damage)
             ... with a bolt of lightning
             ... on level 14 of the Dungeon.
             The game lasted 00:59:04 (18041 turns).

Earthwalker the Impaler (Minotaur Fighter)         Turns: 18041, Time: 00:59:05

Health: -22/118    AC: 26    Str: 26    XL:     13   Next: 38%
Magic:  15/15      EV: 10    Int:  7    God:    Okawaru [******]
Gold:   794        SH: 13    Dex: 12    Spells: 12/12 levels left

rFire   . . .      SeeInvis +   a - +2 trident (freeze)
rCold   + . .      Faith    .   B - +2 buckler
rNeg    . . .      Spirit   .   Q - +2 plate armour of Fashionability {Will+ rCorr Stlth+}
rPois   +          Reflect  +   S - +2 hat {SInv}
rElec   .          Harm     .   u - scarf {repulsion}
rCorr   +          Rampage  .   X - +1 pair of gloves
Will    +....                   I - +2 pair of boots
Stlth   ..........              M - amulet of reflection
HPRegen 0.29/turn               D - ring of poison resistance
MPRegen 0.14/turn               t - ring "Izaeddad" {rC+ Int+2 Dex+2 Slay+3}

@: repel missiles
A: horns 2, retaliatory headbutt
a: Renounce Religion, Heroism, Finesse, Duel


You were on level 14 of the Dungeon.
You worshipped Okawaru.
Okawaru was exalted by your worship.
You visited 2 branches of the dungeon, and saw 15 of its levels.
You also visited: Ossuary.

You collected 869 gold pieces.
You spent 75 gold pieces at shops.

Inventory:

Hand Weapons
 a - a +2 trident of freezing (weapon)
 c - a +2 vampiric spear
 E - the +9 sling of Tedeem {flame, rF+ rCorr Str-3 SInv}
   (You found it on level 13 of the Dungeon)

   Any ammunition fired from it burns those it strikes, dealing additional fire
   damage.
   Str:       It affects your strength (-3).
   rF:        It protects you from fire.
   SInv:      It lets you see invisible.
   rCorr:     It protects you from acid and corrosion.
 T - a +3 scimitar of flaming
 W - a +3 executioner's axe of flaming
Missiles
 x - 40 boomerangs (quivered)
 A - 37 poisoned darts
 H - 4 silver boomerangs
 J - a curare-tipped dart
 L - 32 javelins
 U - 4 datura-tipped darts
 V - 2 atropa-tipped darts
 Z - 6 throwing nets
Armour
 b - the +6 scale mail of Qaaroamn {rElec rCorr}
   (You found it on level 13 of the Dungeon)

   rElec:     It insulates you from electricity.
   rCorr:     It protects you from acid and corrosion.
 u - a scarf of repulsion (worn)
 B - a +2 buckler (worn)
 I - a +2 pair of boots (worn)
 O - a +2 cloak
 Q - the +2 plate armour of Fashionability (worn) {Will+ rCorr Stlth+}
   (You found it on level 12 of the Dungeon)

   rCorr:     It protects you from acid and corrosion.
   Will:      It increases your willpower.
   Stlth:     It makes you more stealthy.
 S - a +2 hat of see invisible (worn)
 X - a +1 pair of gloves (worn)
Jewellery
 e - a ring of ice
 t - the ring "Izaeddad" (right hand) {rC+ Int+2 Dex+2 Slay+3}
   (You found it on level 4 of the Dungeon)

   [ring of protection from cold]

   Int:       It affects your intelligence (+2).
   Dex:       It affects your dexterity (+2).
   Slay:      It affects your accuracy & damage with ranged weapons and melee
   (+3).
   rC:        It protects you from cold.
 y - a ring of positive energy
 D - a ring of poison resistance (left hand)
 M - an amulet of reflection (around neck)
Wands
 i - a wand of mindburst (23)
 r - a wand of flame (28)
 s - a wand of polymorph (9)
 C - a wand of charming (27)
 R - a wand of iceblast (3)
 Y - a wand of digging (6)
Scrolls
 f - a scroll of poison
 l - 2 scrolls of teleportation
 n - 3 scrolls of brand weapon
 G - a scroll of silence
 K - a scroll of torment
 N - a scroll of magic mapping
Potions
 d - 3 potions of might
 g - 5 potions of degeneration
 h - 9 potions of curing
 j - 6 potions of lignification
 k - 5 potions of haste
 m - 4 potions of cancellation
 o - 5 potions of mutation
 p - 2 potions of attraction
 q - 5 potions of flight
 v - a potion of ambrosia
 w - 2 potions of berserk rage
 z - 3 potions of brilliance
 F - 2 potions of magic
Miscellaneous
 P - a lightning rod (4/4)


   Skills:
 * Level 12.1 Fighting
 * Level 16.1 Polearms
 * Level 5.9 Throwing
 * Level 12.9 Armour
 * Level 6.9 Dodging
 - Level 1.9 Stealth
 * Level 9.6 Shields
 * Level 4.5 Invocations


You had 12 spell levels left.
You didn't know any spells.
Your spell library contained the following spells:

 Spells                   Type           Power      Damage    Failure   Level
 Sting                    Tmut/Pois      0%         1d3       99%         1
 Ensorcelled Hibernation  Hex/Ice        0%         N/A       100%        2
 Passwall                 Tmut/Erth      0%         N/A       100%        2
 Poisonous Vapours        Pois/Air       0%         N/A       100%        2
 Static Discharge         Conj/Air       0%         3-3/arc   100%        2
 Gell's Gravitas          Tloc           0%         N/A       100%        3
 Inner Flame              Hex/Fire       0%         N/A       100%        3
 Lesser Beckoning         Tloc           0%         N/A       100%        3
 Swiftness                Air            0%         N/A       100%        3
 Teleport Other           Tloc           0%         N/A       100%        3
 Cause Fear               Hex            0%         N/A       100%        4
 Dispel Undead            Necr           0%         3d6       100%        4
 Leda's Liquefaction      Hex/Erth       0%         N/A       100%        4
 Olgreb's Toxic Radiance  Pois           0%         N/A       100%        4
 Sticky Flame             Conj/Fire      0%         2d3       100%        4
 Lee's Rapid Deconstruct  Erth           0%         3d5*      100%        5
 Conjure Ball Lightning   Conj/Air       0%         3x3d6     100%        6
 Statue Form              Tmut/Erth      0%         N/A       100%        6
 Discord                  Hex            0%         N/A       100%        8
 Disjunction              Tloc           0%         N/A       100%        8


Dungeon Overview and Level Annotations

Branches:
Dungeon (14/15)            Temple (1/1) D:5            Lair (0/5) D:10
    Orc (0/2) D:11        Ossuary (visited)
 Vaults: D:13-14

Altars:
Ashenzari
Cheibriados
Dithmenos
Elyvilon
Fedhas
Gozag
Hepliaklqana
Kikubaaqudgha
Makhleb
Nemelex Xobeh
Okawaru
Qazlal
Ru
Sif Muna
Trog
Uskayaw
Vehumet
Wu Jian
Xom
Yredelemnul
Zin
The Shining One

Shops:
D:9 ?*   D:11 (   D:14 *

Annotations:
D:9 3 runed translucent doors, dvd2's ghost, journeyman MiMo
D:10 exclusion: 2 oklob plants
D:12 1 runed translucent door, caveywoolpert's ghost, journeyman TrBe
D:14 1 runed translucent door, Cown's ghost, journeyman TrHu


Innate Abilities, Weirdness & Mutations

You have a pair of horns on your head.
You reflexively headbutt those who attack you in melee.


Message History

You barely miss the deep elf zephyrmancer.
You headbutt the deep elf zephyrmancer!
The deep elf zephyrmancer is severely wounded.
The yaktaur hits you but does no damage.
The deep elf zephyrmancer points at you and mumbles some strange words.
The bolt of lightning hits you!!
You closely miss the deep elf zephyrmancer.
The deep elf zephyrmancer is severely wounded.
You block the deep elf zephyrmancer's attack.
The yaktaur hits you but does no damage.
You puncture the deep elf zephyrmancer! You freeze the deep elf zephyrmancer.
You kill the deep elf zephyrmancer!
Okawaru accepts your kill. The yaktaur hits you!
The deep elf zephyrmancer hits you with a +0 rapier.
The deep elf pyromancer gestures at you while chanting.
The sticky flame hits you!
You are covered in liquid flames!
You are covered in liquid flames!
The yaktaur wields a +0 arbalest.
The yaktaur shoots a bolt.
You reflect the bolt off an invisible shield around you!
The bolt barely misses the yaktaur.
Things that are here:
a +0 dagger; a +0 robe The deep elf zephyrmancer attacks as you move away!
You block the deep elf zephyrmancer's attack.
You are covered in liquid flames!
The deep elf zephyrmancer attacks as you move away!
The deep elf zephyrmancer hits you but does no damage.
The deep elf zephyrmancer gestures at you while chanting.
The bolt of lightning hits you!!
* * * LOW HITPOINT WARNING * * *
The deep elf pyromancer gestures at you while chanting.
The bolt of fire hits you!!
* * * LOW HITPOINT WARNING * * *
Okay, then.
Items here: )))) [[.
The deep elf zephyrmancer casts a spell at you.
The bolt of lightning hits you!!
You die...

....|...........###.####.# ...8#
...##.................##.# .....#
#.###...............#.##.#......+
......#..#####..#####.##.#......#
#.#.#...## #.[#####.##.#.....8#
..##...## #....<......##..>.##
......## ##.#####.#### ...####
#)#####.# ........#######)@.....#
...####.......))####### #.##
########.# #.# #e# #.# #c### #.#
#.e.# ..# #####..# ...... .. #.)#
###### c##..#


You could see a yaktaur and a deep elf zephyrmancer.

Vanquished Creatures
  An orc warlord (D:12)
  A boulder beetle (D:14)
  A hydra (D:13)
  8 centaur warriors
  3 tengu warriors
  5 two-headed ogres
  Urug (D:10)
  A deep elf knight (D:13)
  A deep elf pyromancer (D:14)
  An orc knight (D:14)
  Pikel (D:9)
  A deep elf zephyrmancer (D:14)
  2 ugly things (D:13)
  A lindwurm (shapeshifter) (D:13)
  A cyclops (D:12)
  9 slime creatures
  3 manticores
  A black mamba (shapeshifter) (D:13)
  Maurice (D:10)
  An unseen horror (D:12)
  2 kobold demonologists
  A tengu conjurer (D:13)
  2 yaktaurs (D:14)
  3 efreet
  6 trolls
  Prince Ribbit (D:5)
  A raiju (shapeshifter) (D:12)
  Sigmund (D:4)
  3 wraiths
  A spriggan (shapeshifter) (D:13)
  A shadow (D:5)
  15 yaks
  A vampire (D:11)
  A steam dragon (D:7)
  4 vampire mosquitoes
  2 acid dragons (D:11)
  A water moccasin (D:6)
  An ice beast (D:5)
  15 orc warriors
  2 black bears
  3 ogres
  12 centaurs
  4 kobold brigands
  A lemure (D:9)
  2 phantoms
  2 bullfrogs
  Blork the orc (D:5)
  2 gnoll sergeants
  3 scorpions
  2 necrophages
  10 wights
  2 jellies (D:5)
  6 hounds
  11 orc priests
  2 gnoll boudas
  Ijyb (D:4)
  7 iguanas
  14 orc wizards
  A mummy (Ossuary)
  24 gnolls
  6 adders
  A shadow imp (D:7)
  7 white imps
  An ufetubus (D:5)
  A worm (D:4)
  25 orcs
  3 spectral bats (Ossuary)
  8 ball pythons
  3 bats (D:1)
  8 endoplasms
  5 giant cockroaches
  12 gnoll zombies (Ossuary)
  5 goblins
  4 hobgoblins
  2 quokkas (D:4)
  3 bat simulacra (Ossuary)
  4 frilled lizards
  5 goblin zombies (Ossuary)
  6 hobgoblin zombies (Ossuary)
  24 kobolds
  7 kobold simulacra (Ossuary)
  7 orc zombies (Ossuary)
  8 rats
  A rat simulacrum (Ossuary)
  4 spectral goblins (Ossuary)
  A spectral kobold (Ossuary)
  2 spectral rats (Ossuary)
381 creatures vanquished.

Vanquished Creatures (others)
  A slime creature (D:14)
  3 fungi (D:14)
  9 plants
13 creatures vanquished.

Grand Total: 394 creatures vanquished

Notes
Turn   | Place    | Note
-------+----------+-------------------------------------------
     0 | D:1      | Earthwalker the Minotaur Fighter began the quest for the
                  | Orb.
     0 | D:1      | Reached XP level 1. HP: 19/19 MP: 0/0
   169 | D:1      | Reached XP level 2. HP: 27/27 MP: 1/1
   355 | D:1      | You fall into a shaft and drop 1 floor!
   655 | D:2      | Reached XP level 3. HP: 33/33 MP: 2/2
   684 | D:2      | Reached skill level 3 in Polearms
  1468 | D:1      | Found a faded altar of an unknown god.
  1763 | D:3      | Reached XP level 4. HP: 34/40 MP: 3/3
  1884 | D:3      | Found a radiant altar of Vehumet.
  2296 | D:4      | Reached skill level 1 in Dodging
  2303 | D:4      | Reached skill level 4 in Polearms
  2315 | D:4      | Reached XP level 5. HP: 14/47 MP: 4/4
  2332 | D:4      | Noticed Ijyb
  2579 | D:4      | HP: 2/47 [Ijyb/puff of flame (7)]
  2581 | D:4      | Killed Ijyb
  2608 | D:4      | Found a sand-covered staircase.
  2619 | Ossuary  | Entered an ossuary
  3025 | Ossuary  | Reached skill level 5 in Polearms
  3645 | D:4      | Reached XP level 6. HP: 9/53 MP: 5/5
  3688 | D:4      | HP: 1/53 [hound (2)]
  4048 | D:4      | Noticed Sigmund
  4089 | D:4      | Killed Sigmund
  4090 | D:4      | Reached skill level 5 in Fighting
  4090 | D:4      | Reached skill level 6 in Polearms
  4090 | D:4      | Reached skill level 5 in Armour
  4218 | D:4      | Reached XP level 7. HP: 59/61 MP: 6/6
  4356 | D:4      | Identified the ring "Izaeddad" {rC+ Int+2 Dex+2 Slay+3}
  4584 | D:5      | Entered Level 5 of the Dungeon
  4605 | D:5      | Reached skill level 7 in Polearms
  4740 | D:5      | Noticed Blork the orc
  4884 | D:5      | Killed Blork the orc
  4956 | D:5      | Reached XP level 8. HP: 66/70 MP: 7/7
  5120 | D:5      | Reached skill level 8 in Polearms
  5149 | D:5      | Found a staircase to the Ecumenical Temple.
  5256 | Temple   | Entered the Ecumenical Temple
  5489 | D:5      | Noticed Prince Ribbit
  5508 | D:5      | Killed Prince Ribbit
  5694 | D:5      | Reached skill level 9 in Polearms
  5858 | D:6      | Reached skill level 1 in Stealth
  5858 | D:6      | Reached skill level 5 in Shields
  5991 | D:6      | Reached XP level 9. HP: 61/78 MP: 8/8
  6079 | D:6      | Found a glowing golden altar of the Shining One.
  6325 | D:6      | Reached skill level 10 in Polearms
  6683 | D:6      | Found an opulent altar of Gozag.
  7094 | D:6      | Found an iron altar of Okawaru.
  7098 | D:6      | Became a worshipper of Warmaster Okawaru
  7494 | D:7      | Found a shadowy altar of Dithmenos.
  7518 | D:7      | Found a hide-covered altar of Uskayaw.
  8312 | D:8      | Reached skill level 11 in Polearms
  8378 | D:8      | Reached * piety under Okawaru
  8501 | D:8      | Found an ornate altar of the Wu Jian Council.
  8720 | D:8      | Found a sparkling altar of Nemelex Xobeh.
  8827 | D:8      | Found a broken altar of Ashenzari.
  9019 | D:9      | Reached XP level 10. HP: 88/88 MP: 9/9
  9060 | D:9      | Reached ** piety under Okawaru
  9291 | D:9      | Found Afugaf's Magic Scroll Shoppe.
  9297 | D:9      | Bought a scroll of enchant weapon for 75 gold pieces
  9374 | D:9      | Found a runed translucent gate.
  9375 | D:9      | Found a runed translucent gate.
  9375 | D:9      | Noticed dvd2's ghost (journeyman MiMo)
  9376 | D:9      | Found a runed translucent gate.
  9376 | D:9      | Noticed an 11-headed hydra
  9415 | D:9      | Found an ancient bone altar of Kikubaaqudgha.
  9508 | D:9      | Found Uxicaos's Neck Hole.
  9714 | D:9      | Reached skill level 12 in Polearms
  9723 | D:9      | Reached skill level 10 in Armour
  9779 | D:9      | Noticed Pikel
  9790 | D:9      | Killed Pikel
  9920 | D:9      | Noticed a two-headed ogre
  9929 | D:9      | Killed a two-headed ogre
 10242 | D:10     | Entered Level 10 of the Dungeon
 10307 | D:10     | Reached skill level 13 in Polearms
 10473 | D:10     | Reached *** piety under Okawaru
 10522 | D:10     | Reached skill level 1 in Throwing
 10570 | D:10     | Found a burning altar of Makhleb.
 10574 | D:10     | Found a blossoming altar of Fedhas.
 10710 | D:10     | Noticed Maurice
 10714 | D:10     | Found a staircase to the Lair.
 10714 | D:10     | Noticed an oklob plant
 10714 | D:10     | Noticed an oklob plant
 10765 | D:10     | Killed Maurice
 10766 | D:10     | Reached XP level 11. HP: 95/99 MP: 10/10
 10847 | D:10     | Noticed Urug
 10860 | D:10     | Killed Urug
 11103 | D:10     | Reached **** piety under Okawaru
 11117 | D:10     | Reached skill level 14 in Polearms
 11196 | D:10     | Noticed a two-headed ogre
 11204 | D:10     | Killed a two-headed ogre
 11716 | D:11     | Noticed a two-headed ogre
 11728 | D:11     | Killed a two-headed ogre
 11728 | D:11     | Reached ***** piety under Okawaru
 11729 | D:11     | Reached skill level 10 in Fighting
 11879 | D:11     | Found Naqoup's Antique Weapon Emporium.
 11886 | D:11     | Found a staircase to the Orcish Mines.
 11896 | D:11     | Noticed a two-headed ogre
 11942 | D:11     | Killed a two-headed ogre
 13307 | D:12     | Identified the +2 plate armour of Fashionability {Will+
                  | rCorr Stlth+}
 13372 | D:12     | Noticed a two-headed ogre
 13379 | D:12     | Killed a two-headed ogre
 13392 | D:12     | Reached skill level 15 in Polearms
 13764 | D:12     | Reached XP level 12. HP: 100/108 MP: 11/11
 14009 | D:12     | Found a runed translucent door.
 14012 | D:12     | Noticed caveywoolpert's ghost (journeyman TrBe)
 14192 | D:12     | Received a gift from Okawaru
 14678 | D:13     | Found a white marble altar of Elyvilon.
 14678 | D:13     | Noticed a centaur warrior
 14679 | D:13     | Noticed a centaur warrior
 14685 | D:13     | Killed a centaur warrior
 14686 | D:13     | Reached skill level 1 in Invocations
 14691 | D:13     | Killed a centaur warrior
 14697 | D:13     | Reached skill level 5 in Dodging
 14792 | D:13     | Noticed a four-headed hydra
 14803 | D:13     | Killed a four-headed hydra
 14865 | D:13     | Reached ****** piety under Okawaru
 14867 | D:13     | Noticed a centaur warrior
 14893 | D:13     | Killed a centaur warrior
 14932 | D:13     | Noticed a centaur warrior
 14942 | D:13     | Noticed a centaur warrior
 14946 | D:13     | Killed a centaur warrior
 14950 | D:13     | Killed a centaur warrior
 15090 | D:13     | Noticed an orc warlord
 15091 | D:13     | Identified the +8 sling "Nesir" {speed, Fragile rPois rC+++
                  | Dex-4}
 15147 | D:12     | Reached skill level 5 in Throwing
 15636 | D:12     | Killed an orc warlord
 15636 | D:12     | Received a gift from Okawaru
 15654 | D:13     | Noticed a centaur warrior
 15665 | D:13     | Killed a centaur warrior
 15840 | D:13     | Found an iron altar of Okawaru.
 15920 | D:13     | Identified the +6 scale mail of Qaaroamn {rElec rCorr}
 16043 | D:13     | Identified the +9 sling of Tedeem {flame, rF+ rCorr Str-3
                  | SInv}
 16097 | D:13     | Noticed a tengu warrior
 16097 | D:13     | Noticed a tengu warrior
 16108 | D:13     | Killed a tengu warrior
 16109 | D:13     | Reached XP level 13. HP: 65/117 MP: 14/14
 16503 | D:13     | Received a gift from Okawaru
 16916 | D:14     | Received a gift from Okawaru
 16917 | D:14     | Reached skill level 16 in Polearms
 17176 | D:14     | Found Meuxkydgh's Changing Room.
 17219 | D:14     | Found a runed translucent door.
 17220 | D:14     | Noticed Cown's ghost (journeyman TrHu)
 17220 | D:14     | Identified the +8 spear of Destiny {drain, Contam Str+7}
 18041 | D:14     | Killed from afar by a deep elf zephyrmancer

Illustrated notes

Levels and vault maps discovered:
D:1:      denvon_arrival_planthouse, layout_basic,
          shapermc_ecumenical_altar_mp_vishouse
D:2:      layout_basic, minmay_tetromino_i4
D:3:      layout_basic, mainiacjoe_overflow_tiny_flanked
D:4:      layout_basic, nicolae_ossuary_entry_ruins, uniq_ijyb, uniq_sigmund
D:5:      layout_basic, minmay_temple_entry_statues_fountains, minivault_19,
          uniq_prince_ribbit1, uniq_blork_the_orc
D:6:      layout_basic, nicolae_tso_carved_into_rock, lemuel_crystal_altar,
          nicolae_gozag_seed_capital
D:7:      layout_gridville, lemuel_crystal_altar,
          nicolae_uskayaw_murder_on_the_dancefloor, roderic_roman_lattice
D:8:      layout_rooms, ashenzari_conservatory_becter,
          nemelex_xobeh_ov_fountains_minmay, mainiacjoe_overflow_boulevard
D:9:      layout_gridville, kiku_gazebo_pond_becter, serial_shops,
          nicolae_shop_trees, gammafunk_ghost_hydra_chop,
          nicolae_shop_sticking_my_neck_out, uniq_pikel
D:10:     layout_irregular_city, grunt_temple_overflow_open, dpeg_oklobed_lair,
          kb_lookout_dungeons_type, uniq_maurice, uniq_urug
D:11:     layout_layer_cave, orc_0_dummy, serial_shops, shop, minivault_25
D:12:     layout_basic, hellmonk_ghost_happy_afterlife
D:13:     evilmike_iron_armoury, layout_cave_pools, gauntlet_entry_generic,
          minmay_ruined_shrine
D:14:     layout_loops_ring, hangedman_vaults_entry_quadrant_bands,
          ebering_ghost_funeral_grove, nicolae_transmutations_shop
Temple:   nicolae_temple_two_arcs

Skill      XL: |  1  2  3  4  5  6  7  8  9 10 11 12 13 |
---------------+----------------------------------------+-----
Shields        | 4 5 6 7 9 |  9.6
Fighting       | 4 5 6 8 9 10 11 12 | 12.1
Armour         | 4 5 6 7 9 10 11 12 | 12.9
Polearms       | 3 4 5 6 7 9 11 13 15 16 | 16.1
Dodging        | 1 2 3 4 6 |  6.9
Stealth        | 1 |  1.9
Throwing       | 1 3 5 |  5.9
Invocations    | 3 4 |  4.5

Action                   |  1- 3 |  4- 6 |  7- 9 | 10-12 | 13-15 || total
-------------------------+-------+-------+-------+-------+-------++-------
Melee: Trident           |   114 |   266 |   339 |   554 |   118 ||  1391
       Headbutt          |     8 |    28 |    55 |   103 |    32 ||   226
Throw: Boomerang         |       |       |       |    27 |     8 ||    35
  Use: Scroll            |     5 |       |    18 |     2 |     6 ||    31
       Potion            |       |       |       |     2 |     1 ||     3
 Stab: Distracted        |       |     1 |       |       |       ||     1
Armor: Scale mail        |    54 |    64 |    41 |       |       ||   159
       Plate armour      |       |       |    35 |   175 |    38 ||   248
Dodge: Dodged            |    25 |    90 |    92 |    81 |    24 ||   312
       Repelled          |       |       |       |       |     1 ||     1
Block: Buckler           |     7 |    24 |    66 |   188 |    44 ||   329
       Reflection        |       |       |       |    22 |    11 ||    33
